 Dungeon Crawl Stone Soup version 0.21-a0-426-g98080a9 (webtiles) character file.

18747 graki42 the Thaumaturge (level 12, -2/61 HPs)
             Began as a Deep Elf Fire Elementalist on Nov 5, 2017.
             Was a Priest of Vehumet.
             Slain by a spiny frog (9 damage)
             ... on level 4 of the Lair of Beasts on Nov 6, 2017.
             The game lasted 01:07:47 (15260 turns).

graki42 the Thaumaturge (DEFE)                     Turns: 15260, Time: 01:07:48

Health: -2/61      AC: 10    Str: 11    XL:     12   Next: 30%
Magic:  10/32      EV: 15    Int: 23    God:    Vehumet [***...]
Gold:   532        SH:  0    Dex: 15    Spells: 18/40 levels left

rFire    . . .     SeeInvis .   i - +3 quarterstaff (chaos)
rCold    + + .     Gourm    .   (shield currently unavailable)
rNeg     . . .     Faith    .   j - +2 robe {rC+}
rPois    +         Spirit   .   y - +1 hat
rElec    .         Reflect  .   t - +0 cloak
rCorr    .         Harm     .   K - +2 pair of gloves {Str+3}
MR       +....                  r - +0 pair of boots
Stlth    +++.......             (no amulet)
HPRegen  0.20/turn              G - ring of poison resistance
MPRegen  0.23/turn              z - ring of protection from cold

@: very slightly contaminated, invisible
A: no striking features
a: Renounce Religion


You were on level 4 of the Lair of Beasts.
You worshipped Vehumet.
Vehumet was most pleased with you.
You were very hungry.

You visited 3 branches of the dungeon, and saw 14 of its levels.

You collected 837 gold pieces.
You spent 305 gold pieces at shops.

Inventory:

Hand Weapons
 i - a +3 quarterstaff of chaos (weapon)
Armour
 j - a +2 robe of cold resistance (worn)
 r - a +0 pair of boots (worn)
 t - a +0 cloak (worn)
 y - a +1 hat (worn)
 F - the cursed +0 pair of gloves "Othay" {rElec Str-2 Dex+4}
   (You found it on level 7 of the Dungeon)

   It affects your strength (-2).
   It affects your dexterity (+4).
   It insulates you from electricity.
   It has a curse placed upon it.
 K - a +2 pair of gloves of strength (worn)
Jewellery
 b - an uncursed ring of stealth
 n - an uncursed ring of wizardry
 x - an uncursed ring of flight
 z - a ring of protection from cold (right hand)
 G - a ring of poison resistance (left hand)
Wands
 k - a wand of flame (15/48)
 q - a wand of paralysis (8/24)
 s - a wand of flame (35/48)
 C - a wand of enslavement (7/24)
 I - a wand of scattershot (1/9)
Scrolls
 d - 4 scrolls of identify
 g - a scroll of remove curse
 m - a scroll of amnesia
 v - 4 scrolls of teleportation
 E - 2 scrolls of immolation
 L - a scroll of holy word {unknown}
Potions
 a - 3 potions of flight
 e - a potion of resistance
 h - 2 potions of might
 l - 2 potions of curing
 o - 2 potions of brilliance
 p - 3 potions of haste
 A - 2 potions of agility
 D - a potion of mutation
 J - a potion of heal wounds
Books
 u - a book of Air

   Spells                             Type                      Level
   a - Shock                          Conjuration/Air              1
   b - Swiftness                      Charms/Air                   2
   c - Static Discharge               Conjuration/Air              3
   d - Airstrike                      Air                          4
   e - Lightning Bolt                 Conjuration/Air              5
 M - a book of Conjurations

   Spells                             Type                      Level
   a - Magic Dart                     Conjuration                  1
   b - Searing Ray                    Conjuration                  2
   c - Dazzling Spray                 Conjuration/Hexes            3
   d - Fulminant Prism                Conjuration/Hexes            4
   e - Force Lance                    Conjuration/Translocation    4
   f - Iskenderun's Mystic Blast      Conjuration                  4
 N - a book of Beasts

   Spells                             Type                      Level
   a - Summon Butterflies             Summoning                    1
   b - Call Canine Familiar           Summoning                    3
   c - Summon Ice Beast               Ice/Summoning                4
   d - Summon Mana Viper              Hexes/Summoning              5
   e - Summon Hydra                   Summoning                    7
Comestibles
 c - 7 bread rations
 f - 13 royal jellies
 w - 19 fruits
 B - 5 meat rations


   Skills:
 + Level 1.3 Fighting
 + Level 2.0 Staves
 + Level 5.0 Dodging
 + Level 5.1 Stealth
 + Level 14.7 Spellcasting
 + Level 9.0 Conjurations
 + Level 3.4 Hexes
 + Level 1.2 Charms
 + Level 10.5 Fire Magic
 * Level 9.6 Air Magic


You had 18 spell levels left.
You knew the following spells:

 Your Spells              Type           Power        Failure   Level  Hunger
a - Flame Tongue          Conj/Fire      #####        1%          1    None
b - Conjure Flame         Conj/Fire      ######..     1%          3    None
c - Inner Flame           Hex/Fire       #####...     1%          3    None
d - Sticky Flame          Conj/Fire      ######..     1%          4    None
e - Fireball              Conj/Fire      ######....   1%          5    ###....
f - Swiftness             Chrm/Air       #####...     1%          2    None
g - Airstrike             Air            ######....   1%          4    None


Dungeon Overview and Level Annotations

Branches:
Dungeon (9/15)             Temple (1/1) D:6            Lair (4/6) D:9
  Swamp (0/4) Lair:4       Spider (0/4) Lair:2
    Orc: D:9-12

Altars:
Ashenzari
Cheibriados
Fedhas
Gozag
Hepliaklqana
Kikubaaqudgha
Makhleb
Qazlal
Ru
Trog
Uskayaw
Vehumet
Xom

Shops:
D:5 =   D:8 *


Message History

Casting: Sticky Flame
Confirm with . or Enter, or press ? or * to list all spells.
Aiming: Sticky Flame
Press: ? - help, Shift-Dir - straight line, f - spiny frog
Aim: a spiny frog The sticky flame hits the spiny frog.
The spiny frog is lightly wounded.
The spiny frog is covered in liquid flames!
The spiny frog burns!
The blink frog blinks!
The spiny frog stings you!!
* * * LOW HITPOINT WARNING * * *
The blink frog blinks!
You fade into invisibility!
The spiny frog burns!
The spiny frog stings you.
* * * LOW HITPOINT WARNING * * *
You are very lightly contaminated with residual magic.
The spiny frog burns!
The spiny frog burns!
Found a staircase to the Swamp.
The spiny frog burns!
The spiny frog stops burning.
The spiny frog stings you!
You die...

.........# ##.#............
.........# #...............
........####...............
........##................F
........##P.....F.........P
.......## #.....FF.........
#.#................
#.....F...........
#.......@..>.......
#................#.
#..§...§>§........
##..§..§.........
###.§§..§..!...
##§.§........ ##§§§.......
###......##


You could see a spiny frog and 3 blink frogs.

Vanquished Creatures
  Gastronok (D:8)
  A fire dragon (Lair:1)
  3 hydras
  The ghost of varam the Cleaver, a novice HOFi of Beogh (D:9)
  3 two-headed ogres
  An elephant (Lair:3)
  A gargoyle (D:7)
  2 spiny frogs
  A komodo dragon (Lair:2)
  A queen bee (D:8)
  2 jumping spiders (Lair:2)
  Prince Ribbit (D:6)
  4 hippogriffs
  Sigmund (D:2)
  11 yaks
  Eustachio (D:5)
  A basilisk (Lair:2)
  2 hungry ghosts
  Edmund (D:4)
  Menkaure (D:5)
  A soldier ant (D:9)
  4 water moccasins
  2 porcupines
  3 ice beasts
  2 orc warriors (D:6)
  5 ogres
  A sky beast (D:8)
  A phantom (D:6)
  4 centaurs
  3 crocodiles
  3 big kobolds
  10 bullfrogs
  6 scorpions
  22 killer bees
  2 howler monkeys
  6 wights
  An electric eel (Lair:2)
  4 jellies
  2 crimson imps
  A bullfrog zombie (D:6)
  4 hounds
  A centaur skeleton (D:4)
  8 orc priests
  Crazy Yiuf (D:2)
  3 iron imps (D:6)
  8 orc wizards
  3 iguanas
  Jessica (D:2)
  7 worker ants
  3 hound skeletons
  2 worker ant zombies (D:7)
  7 adders
  3 shadow imps
  An ooze (D:5)
  3 adder skeletons
  3 worms
  A dart slug (D:1)
  5 leopard geckos
  23 orcs
  8 giant cockroaches
  6 goblins
  9 hobgoblins
  9 jackals
  2 quokkas
  2 ball pythons
  4 bats
  A frilled lizard (D:2)
  A giant cockroach zombie (D:5)
  A jackal skeleton (D:8)
  24 kobolds
  A quokka skeleton (D:4)
  A quokka zombie (D:7)
  10 rats
289 creatures vanquished.

Vanquished Creatures (others)
  A bush (D:8)
  3 fungi
  3 plants
7 creatures vanquished.

Grand Total: 296 creatures vanquished

Notes
Turn   | Place    | Note
-------+----------+-------------------------------------------
     0 | D:1      | graki42 the Deep Elf Fire Elementalist began the quest for the Orb.
     0 | D:1      | Reached XP level 1. HP: 10/10 MP: 6/6
   140 | D:1      | Reached XP level 2. HP: 15/15 MP: 4/8
   417 | D:2      | Noticed Jessica
   418 | D:2      | Killed Jessica
   418 | D:2      | Reached XP level 3. HP: 19/19 MP: 8/10
   637 | D:2      | Reached skill level 4 in Spellcasting
   637 | D:2      | Reached XP level 4. HP: 19/24 MP: 3/12
   647 | D:2      | Learned a level 3 spell: Conjure Flame
   651 | D:2      | Learned a level 3 spell: Inner Flame
   656 | D:2      | Learned a level 4 spell: Sticky Flame
   821 | D:2      | Noticed Sigmund
  1437 | D:3      | Reached skill level 5 in Fire Magic
  1437 | D:3      | Reached XP level 5. HP: 9/28 MP: 8/13
  1847 | D:3      | Reached skill level 5 in Spellcasting
  2360 | D:2      | Killed Sigmund
  2360 | D:2      | Reached skill level 6 in Spellcasting
  2360 | D:2      | Reached XP level 6. HP: 32/32 MP: 9/17
  2861 | D:2      | Found a runed door.
  2866 | D:2      | Noticed Crazy Yiuf
  2871 | D:2      | Killed Crazy Yiuf
  2933 | D:4      | Noticed Edmund
  2952 | D:4      | Reached skill level 1 in Hexes
  2952 | D:4      | Reached XP level 7. HP: 18/36 MP: 12/18
  3398 | D:4      | Killed Edmund
  3398 | D:4      | Reached skill level 7 in Spellcasting
  3500 | D:4      | Learned a level 5 spell: Fireball
  3504 | D:4      | Learned a level 2 spell: Swiftness
  4089 | D:5      | Entered Level 5 of the Dungeon
  4114 | D:5      | Noticed Menkaure
  4122 | D:5      | Killed Menkaure
  4238 | D:5      | Found Hofuvvom's Jewellery Shoppe.
  4340 | D:5      | Noticed Eustachio
  4352 | D:5      | Killed Eustachio
  4352 | D:5      | Reached skill level 8 in Spellcasting
  4352 | D:5      | Reached XP level 8. HP: 34/42 MP: 14/22
  4809 | D:5      | Reached skill level 5 in Conjurations
  5083 | D:6      | Reached skill level 9 in Spellcasting
  5083 | D:6      | Reached skill level 1 in Charms
  5233 | D:6      | Found a burning altar of Makhleb.
  5576 | D:6      | Reached XP level 9. HP: 28/46 MP: 13/24
  5722 | D:6      | Learned a level 4 spell: Airstrike
  5767 | D:6      | Found a blossoming altar of Fedhas.
  5824 | D:6      | Noticed Prince Ribbit
  5831 | D:6      | Killed Prince Ribbit
  5831 | D:6      | Reached skill level 1 in Staves
  5831 | D:6      | Reached skill level 10 in Spellcasting
  5831 | D:6      | Reached skill level 1 in Air Magic
  5941 | D:6      | Reached skill level 1 in Fighting
  6145 | D:6      | Found a staircase to the Ecumenical Temple.
  6159 | Temple   | Entered the Ecumenical Temple
  6230 | Temple   | Became a worshipper of Vehumet
  6344 | D:7      | Noticed a gargoyle
  6347 | D:7      | Killed a gargoyle
  7242 | D:7      | Got a pair of ancient gloves
  7243 | D:7      | Identified the cursed +0 pair of gloves "Othay" {rElec Str-2 Dex+4} (You found it on level 7 of the Dungeon)
  7379 | D:7      | Reached * piety under Vehumet
  7379 | D:7      | Offered knowledge of Freeze by Vehumet.
  7519 | D:7      | Reached skill level 11 in Spellcasting
  8082 | D:8      | Reached XP level 10. HP: 47/52 MP: 4/27
  8349 | D:8      | Noticed Gastronok
  8940 | D:8      | Reached ** piety under Vehumet
  8940 | D:8      | Offered knowledge of Sting by Vehumet.
  8940 | D:8      | Reached skill level 5 in Stealth
  9285 | D:8      | Killed Gastronok
  9285 | D:8      | Reached skill level 12 in Spellcasting
  9285 | D:8      | Reached skill level 5 in Air Magic
  9911 | D:8      | Found Tuju's Assorted Antiques.
  9952 | D:8      | Bought a fizzy purple potion for 25 gold pieces
 10064 | D:5      | Bought an uncursed ring of poison resistance for 280 gold pieces
 10176 | D:8      | Reached XP level 11. HP: 56/56 MP: 24/29
 10396 | D:8      | Found an opulent altar of Gozag.
 10397 | D:8      | Found a bloodstained altar of Trog.
 10903 | D:9      | Offered knowledge of Dazzling Spray by Vehumet.
 11023 | D:9      | Found an opulent altar of Gozag.
 11130 | D:8      | Reached *** piety under Vehumet
 11186 | D:8      | Noticed a fire giant
 11543 | D:9      | Found a staircase to the Lair.
 11575 | D:9      | Noticed varam's ghost (novice HOFi)
 11588 | D:9      | Killed varam's ghost
 11588 | D:9      | Reached skill level 5 in Dodging
 11714 | D:8      | Noticed a two-headed ogre
 11727 | D:8      | Killed a two-headed ogre
 11727 | D:8      | Reached skill level 10 in Fire Magic
 11743 | D:8      | Noticed a two-headed ogre
 11752 | D:8      | Killed a two-headed ogre
 11911 | D:9      | Noticed a two-headed ogre
 11927 | D:9      | Killed a two-headed ogre
 11927 | D:9      | Reached skill level 13 in Spellcasting
 12116 | Lair:1   | Entered Level 1 of the Lair of Beasts
 12292 | Lair:1   | Noticed an eight-headed hydra
 12296 | Lair:1   | Killed an eight-headed hydra
 12851 | Lair:1   | Noticed a fire dragon
 12861 | Lair:1   | Killed a fire dragon
 13752 | Lair:2   | Reached XP level 12. HP: 61/61 MP: 15/31
 13953 | Lair:2   | Found a hole to the Spider Nest.
 13983 | Lair:2   | Reached skill level 14 in Spellcasting
 13989 | Lair:2   | Offered knowledge of Olgreb's Toxic Radiance by Vehumet.
 14588 | Lair:2   | Noticed an eight-headed hydra
 14591 | Lair:2   | Killed an eight-headed hydra
 14987 | Lair:3   | Noticed an eight-headed hydra
 14994 | Lair:3   | Killed an eight-headed hydra
 15259 | Lair:4   | Found a staircase to the Swamp.
 15260 | Lair:4   | Slain by a spiny frog

Vault maps used:
D:1:      minmay_arrival_glassed_features
D:2:      first_bread, uniq_sigmund, uniq_jessica, uniq_crazy_yiuf_cottage
D:4:      uniq_edmund
D:5:      serial_shops, shop, uniq_eustachio, uniq_menkaure
D:6:      lemuel_round_altar, demons_altar, minmay_temple_entry_nine_rooms,
          uniq_prince_ribbit1
D:8:      minmay_klotski, grunt_temple_overflow_open, serial_shops,
          nicolae_shop_overgrown_old_shop, david_nohive_1, uniq_gastronok
D:9:      lair_entry_dummy, basic_altar
Temple:   dpeg_five_rooms_temple
Lair:1:   dragon1_lemuel
Lair:2:   spider_nest_entry_a, lemuel_fruit_tree, serial_bayou_shore_a
Lair:4:   swamp_mist

Skill      XL: |  1  2  3  4  5  6  7  8  9 10 11 12 |
---------------+-------------------------------------+-----
Fire Magic     | 4 5 6 7 8 9 10 | 10.5
Spellcasting   | 4 6 8 9 11 12 13 14 | 14.7
Conjurations   | 2 3 4 6 8 9 |  9.0
Stealth        | 3 4 5 |  5.1
Dodging        | 3 4 5 |  5.0
Hexes          | 1 2 3 |  3.4
Charms         | 1 |  1.2
Staves         | 1 2 |  2.0
Air Magic      | 3 5 8 9 |  9.6
Fighting       | 1 |  1.3

Action                   |  1- 3 |  4- 6 |  7- 9 | 10-12 || total
-------------------------+-------+-------+-------+-------++-------
Melee: Scythe            |       |     4 |       |       ||     4
       Quarterstaff      |       |       |    45 |    11 ||    56
 Cast: Flame Tongue      |    38 |    52 |   159 |   132 ||   381
       Conjure Flame     |       |     7 |    10 |    18 ||    35
       Inner Flame       |       |     7 |    10 |    15 ||    32
       Sticky Flame      |       |     3 |    33 |    41 ||    77
       Swiftness         |       |       |     6 |     2 ||     8
       Fireball          |       |       |    11 |    29 ||    40
       Airstrike         |       |       |     1 |    71 ||    72
  Use: Potion            |       |     4 |     2 |     4 ||    10
       Scroll            |       |     4 |    15 |     8 ||    27
 Stab: Sleeping          |       |       |     1 |     1 ||     2
  Eat: Chunk             |       |     5 |    11 |    16 ||    32
       Meat ration       |       |     1 |       |       ||     1
       Bread ration      |       |       |     1 |       ||     1
       Fruit             |       |       |     1 |    10 ||    11
Armor: Robe              |     1 |    20 |    22 |    28 ||    71
       Skin              |       |       |       |    25 ||    25
Dodge: Dodged            |     3 |    36 |   112 |    64 ||   215

Table legend:
 A = Spawn XP
 B = Non-spawn XP
 C = Spawn XP percentage of total XP
 D = Spawn monster count
 E = Non-spawn monster count
 F = Spawn count percentage of total count
 G = Total turns spent on level
                    A         B        C        D         E        F      G
               +---------+---------+-------+---------+---------+-------+---------
         Total |       0 |   26782 |   0.0 |       0 |     289 |   0.0 | 15260
               +---------+---------+-------+---------+---------+-------+---------
           D:1 |       0 |      22 |   0.0 |       0 |      13 |   0.0 |   417
           D:2 |       0 |     369 |   0.0 |       0 |      22 |   0.0 |  1078
           D:3 |       0 |     246 |   0.0 |       0 |      29 |   0.0 |  1438
           D:4 |       0 |     509 |   0.0 |       0 |      16 |   0.0 |  1156
           D:5 |       0 |     853 |   0.0 |       0 |      17 |   0.0 |   961
           D:6 |       0 |    1961 |   0.0 |       0 |      33 |   0.0 |  1635
           D:7 |       0 |    1809 |   0.0 |       0 |      47 |   0.0 |  2319
           D:8 |       0 |    7344 |   0.0 |       0 |      58 |   0.0 |  2160
           D:9 |       0 |    2820 |   0.0 |       0 |      17 |   0.0 |   828
        Lair:1 |       0 |    4516 |   0.0 |       0 |      14 |   0.0 |  1247
        Lair:2 |       0 |    4178 |   0.0 |       0 |      17 |   0.0 |  1811
        Lair:3 |       0 |    2155 |   0.0 |       0 |       6 |   0.0 |    75
               +---------+---------+-------+---------+---------+-------+---------
